 Dungeon Crawl Stone Soup version 0.18.1-50-g88ac8fd (webtiles) character file.

174 rlgrobin the Insei (level 5, -7/41 HPs)
             Began as a Mummy Monk on Sept 17, 2016.
             Killed by divine providence
             ... invoked by an orc priest
              (9 damage)
             ... on level 3 of the Dungeon.
             The game lasted 00:06:47 (4031 turns).

rlgrobin the Insei (Mummy Monk)                     Turns: 4031, Time: 00:06:48

Health: -7/41      AC:  2    Str: 14    XL:     5   Next: 28%
Magic:  5/5        EV: 13    Int:  9    God:
Gold:   62         SH:  0    Dex: 16    Spells: 0 memorised, 4 levels left

rFire  x . .     SeeInvis .       - Unarmed
rCold  + . .     Gourm    .     (no armour)
rNeg   + + +     Faith    .     (no shield)
rPois  ∞         Spirit   .     (no helmet)
rElec  .         Dismiss  .     d - +0 cloak
rCorr  .         Reflect  .     (no gloves)
SustAt .         Harm     .     h - +0 pair of boots
MR     .....                    (no amulet)
Stlth  ++........               (no ring)
                                (no ring)

@: not resistant to hostile enchantments, unstealthy
A: no food or potions, fire vulnerability, cold resistance 1, negative energy
resistance 3, torment resistance, unbreathing
a: no special abilities


You were on level 3 of the Dungeon.
You were not hungry.

You visited 1 branch of the dungeon, and saw 3 of its levels.

You collected 62 gold pieces.


Innate Abilities, Weirdness & Mutations

You do not eat or drink.
Your flesh is vulnerable to fire.
You are immune to poison.
Your flesh is cold resistant.
You are immune to negative energy.
You are immune to unholy pain and torment.
You can survive without breathing.


   Skills:
 - Level 3.0 Fighting
 + Level 3.3 Dodging
 - Level 1.5 Stealth
 - Level 5.0 Unarmed Combat


You had 4 spell levels left.
You didn't know any spells.

Inventory:

Armour
 c - a +0 shield
 d - a +0 cloak (worn)
 h - a +0 pair of boots (worn)
Scrolls
 a - 2 scrolls of recharging
 b - 2 scrolls of random uselessness {unknown}
 e - a scroll of blinking
 f - a scroll of identify {unknown}
 g - a scroll of magic mapping

Dungeon Overview and Level Annotations

Branches:
Dungeon (3/15)

Altars:

Annotations:
D:3 Usable ghost, Bubs's ghost, amateur NaVM

▒▒)▒ ▒ ▒.▒ .. . .▒ ▒.▒ ▒.▒ .▒.
▒▒▒▒▒▒▒ ▒.▒ ▒▒▒▒▒.▒ ...
▒.▒▒▒▒...... ▒.▒ ▒.....▒▒▒ ▒..
........▒▒▒.
▒▒.▒▒▒.....▒.▒▒▒.▒▒▒▒.▒▒▒▒▒▒..▒▒.
.....'.....+..................▒▒.
▒▒.▒▒▒.....▒..........▒.▒▒▒....▒+
▒.▒ ▒../..▒.▒ ▒M▒ ▒.▒ ▒......
▒.▒▒▒.▒▒▒.▒.▒▒▒#▒▒▒▒▒▒.▒▒▒......
▒.▒▒...▒▒>.....#o............▒..
▒.▒▒.....[....###W..<▒.▒▒▒...▒▒'
▒.▒▒.▒▒▒...▒▒▒...#..)........▒▒.
▒....▒ ▒...▒ ▒....o.............
▒▒▒▒▒.▒▒▒...▒▒▒..▒▒.▒▒▒.▒▒▒...▒▒.
....................▒ ▒.▒ ▒...▒▒.
..▒▒▒...........▒▒▒.▒ ▒.▒ ▒...▒▒.


You could see 2 orc priests and Bubs's ghost.


Message History

No target in view!!!
No target in view!!!
You climb downwards!
Level annotation: Usable ghost, Bubs's ghost, amateur NaVM The orc priest misses you!
The orc priest hits you!
There is a stone staircase leading up here!
You see here 3 tomahawks!
The orc priest casts a cantrip, but nothing happens!
The orc priest hits you!
The orc priest invokes the aid of Beogh against you!
You are unaffected!
The orc priest hits you!
Bubs's ghost lets out a mournful wail!
Bubs's ghost hits you!!!
The orc priest mumbles some strange prayers to Beogh against you!
Beogh smites you!!! * * * don't die
* * * The orc priest looks braver for a moment!
Bubs's ghost points at you and mumbles some strange words!
The ball explodes into a vile cloud!!!
The stinking cloud engulfs you!!!
The orc priest miscasts a cantrip!
The orc priest miscasts a cantrip!
Bubs's ghost gestures at you while chanting!
The ball explodes into a vile cloud!!!
The stinking cloud engulfs you!!!
The orc priest invokes the aid of Beogh against you!
Beogh smites you!!! * * * don't die
* * * The orc priest mumbles some strange prayers to Beogh against you!
Beogh smites you!!! rip

Action                   |  1- 3 |  4- 6 || total
-------------------------+-------+-------++-------
Melee: Unarmed           |   153 |   146 ||   299
       Punch             |     5 |     1 ||     6
  Use: Scroll            |     3 |       ||     3
 Stab: Sleeping          |     3 |     2 ||     5
       Confused          |       |     1 ||     1
Armor: Skin              |    11 |    12 ||    23
Dodge: Dodged            |   105 |   101 ||   206

Vault maps used:
D:1:      minmay_arrival_cross
D:2:      kennysheep_nondescript, uniq_iyjb
D:3:      first_bread, minmay_misc_feat_cross

Notes
Turn   | Place    | Note
--------------------------------------------------------------
     0 | D:1      | rlgrobin the Mummy Monk began the quest for the Orb.
     0 | D:1      | Reached XP level 1. HP: 18/18 MP: 1/1
     0 | D:1      | FFFFFFFFFFFFFFFFFFRIDAY NIGHT MOTHERFUCKERS
   246 | D:1      | Reached XP level 2. HP: 18/24 MP: 2/2
   490 | D:1      | Reached skill level 4 in Unarmed Combat
   761 | D:1      | Reached XP level 3. HP: 29/29 MP: 3/3
  1781 | D:2      | Reached XP level 4. HP: 32/35 MP: 4/4
  1905 | D:2      | Noticed Ijyb
  2074 | D:2      | Killed Ijyb
  2074 | D:2      | Reached skill level 5 in Unarmed Combat
  2822 | D:3      | Noticed Bubs's ghost (amateur NaVM)
  3094 | D:2      | Reached XP level 5. HP: 9/41 MP: 5/5
  3492 | D:2      | Reached skill level 3 in Dodging
  4030 | D:3      | HP: 2/41 [orc priest/divine providence (12)]
  4031 | D:3      | Killed from afar by an orc priest

Vanquished Creatures
  Ijyb (D:2)
  An orc wizard (D:2)
  4 adders
  An ooze (D:3)
  A worm (D:2)
  A dart slug (D:1)
  3 orcs (D:2)
  A ball python (D:2)
  10 bats
  3 giant cockroaches (D:1)
  7 goblins
  12 hobgoblins
  8 jackals
  4 kobolds
  2 quokkas (D:2)
  3 giant newts
  6 rats
68 creatures vanquished.

Vanquished Creatures (others)
  A kobold (D:3)
1 creature vanquished.

Grand Total: 69 creatures vanquished
